 Dungeon Crawl Stone Soup version 0.27-a0-412-g8dd771eca2 (webtiles) character file.

Game seed: 14854480179831921942

44 Morbidden the Conjurer (level 3, 0/28 HPs)
             Began as a Demigod Conjurer on Feb 24, 2021.
             Slain by an orc priest
             ... wielding a +0 dagger of freezing
              (2 damage)
             ... on level 2 of the Dungeon.
             The game lasted 00:01:50 (2337 turns).

Morbidden the Conjurer (Demigod Conjurer)           Turns: 2337, Time: 00:01:50

Health: 0/28       AC:  2    Str:  6 (8)  XL:     3   Next: 22%
Magic:  0/8        EV: 12    Int: 22 (24) God:
Gold:   99         SH:  0    Dex: 10 (12) Spells: 3/6 levels left

rFire    . . .     SeeInvis .   (no weapon)
rCold    . . .     Faith    .   (no shield)
rNeg     . . .     Spirit   .   a - +0 robe
rPois    .         Reflect  .   (no helmet)
rElec    .         Harm     .   (no cloak)
rCorr    .         Rampage  .   (no gloves)
Will     .....                  (no boots)
Stlth    ++........             (no amulet)
HPRegen  0.09/turn              (no ring)
MPRegen  0.11/turn              (no ring)

@: no status effects
A: high mp 1
a: no special abilities


You were on level 2 of the Dungeon.
You visited 1 branch of the dungeon, and saw 2 of its levels.

You collected 99 gold pieces.

Inventory:

Armour
 a - a +0 robe (worn)
Scrolls
 b - a scroll of random uselessness {unknown}
 c - 2 scrolls of enchant armour {unknown}
 d - a scroll of identify {unknown}
 h - a scroll of amnesia {unknown}
Potions
 e - a potion of degeneration
 f - 2 potions of berserk rage {unknown}
 g - a potion of lignification {unknown}


   Skills:
 * Level 1.0 Fighting
 + Level 1.8 Dodging
 + Level 1.9 Stealth
 * Level 2.0 Spellcasting
 * Level 4.3 Conjurations


You had 3 spell levels left.
You knew the following spells:

 Your Spells              Type           Power        Failure   Level
a - Magic Dart            Conj           84%          2%          1
b - Searing Ray           Conj           42%          3%          2

Your spell library contained the following spells:

 Spells                   Type           Power        Failure   Level
 Dazzling Flash           Conj/Hex       22%          17%         3
 Fulminant Prism          Conj/Hex       5%           50%         4
 Iskenderun's Mystic Bla  Conj/Tloc      11%          50%         4


Dungeon Overview and Level Annotations

Branches:
Dungeon (2/15)


Innate Abilities, Weirdness & Mutations

You have an increased reservoir of magic. (+10% MP)


Message History

The orc priest hits you with a +0 dagger of freezing.
The orc priest freezes you.
Unknown command.
Unknown command.
Casting: Searing Ray (safe; 3% risk of failure)
Confirm with . or Enter, or press ? or * to list all spells.
Aiming: Searing Ray (safe; 3% risk of failure)
Press: ? - help, Shift-Dir - straight line, f - orc priest
Aim: an orc priest, wielding a +0 dagger of freezing and wearing a +0 leather armour (22% to evade)
The searing ray hits the orc priest.
The orc priest is moderately wounded. (Press . to maintain the ray.)
The orc priest hits you but does no damage.
The searing ray hits the orc priest.
The orc priest is heavily wounded.
The orc completely misses you.
The orc priest hits you with a +0 dagger of freezing.
The orc priest freezes you.
Unknown command.
The searing ray hits the orc priest.
The orc priest is severely wounded.
The orc priest invokes the aid of Beogh against you.
Beogh smites you! The orc hits you with a +0 dagger.
* * * LOW HITPOINT WARNING * * *
Unknown command.
Without enough magic to sustain it, your searing ray dissipates.
The orc priest barely misses you. The orc hits you with a +0 dagger.
* * * LOW HITPOINT WARNING * * *
Unknown command.
Unknown command.
Unknown command.
Unknown command.
Unknown command.
Unknown command.
Unknown command.
It was a potion of degeneration.
There was something very wrong with that liquid.
You feel weakened.
You feel dopey.
You feel clumsy.
The orc priest hits you with a +0 dagger of freezing.
You die...

#.#####.# #.......#
........###..####.#
......#......####.### #
.##.....###.........#.##.
......#.###......).......
.##...#......####..######
.##......#...####..#
........###.....#..#
..#.##..###..##.@).####### #
..#.###..#..###oo....(...##.#
..#..##.....##[.............#
....................####.##.#
...##.........##...## #.#
..####..._...####..#####.##.##.
#..##.........##.......(.......#
..................######.##.####
#.#..##.....##..### #!# #


You could see an orc priest and an orc.

Vanquished Creatures
  A dart slug (D:1)
  2 leopard geckos (D:2)
  4 orcs (D:2)
  2 ball pythons (D:2)
  5 hobgoblins
  4 jackals
  A quokka (D:2)
  3 bats
  A frilled lizard (D:1)
  3 goblins (D:2)
  3 kobolds
  4 rats
33 creatures vanquished.

Notes
Turn   | Place    | Note
-------+----------+-------------------------------------------
     0 | D:1      | Morbidden the Demigod Conjurer began the quest for the Orb.
     0 | D:1      | Reached XP level 1. HP: 14/14 MP: 5/5
   962 | D:2      | Found a shadowy altar of Dithmenos.
   964 | D:2      | Reached XP level 2. HP: 22/22 MP: 5/7
   971 | D:2      | Reached skill level 4 in Conjurations
  1095 | D:2      | Learned a level 2 spell: Searing Ray
  1685 | D:2      | Found a white marble altar of Elyvilon.
  1953 | D:2      | Found a hazy altar of Hepliaklqana.
  1996 | D:2      | Reached XP level 3. HP: 27/27 MP: 3/8
  2066 | D:2      | Reached skill level 1 in Fighting
  2337 | D:2      | Slain by an orc priest

Illustrated notes

Levels and vault maps discovered:
D:1:      minmay_arrival_arboretum_small, layout_loops_corners
D:2:      cheibrodos_pilgrimage, layout_loops_ring, kennysheep_ying_yang,
          nicolae_overflow_crystal_walls, nicolae_dithmenos_shadow_blocks,
          marbit_many_paths

Skill      XL: |  1  2  3 |
---------------+----------+-----
Conjurations   | 4 |  4.3
Spellcasting   | 2 |  2.0
Fighting       | 1 |  1.0
Dodging        | |  1.8
Stealth        | |  1.9

Action                   || total
-------------------------++-------
 Cast: Magic Dart        ||    66
       Searing Ray       ||     4
  Use: Potion            ||     1
Armor: Robe              ||    14
Dodge: Dodged            ||    33

Table legend: (Time is in decaauts)
 A = Elapsed time spent in this place.
 B = Non-inter-level travel time spent in this place.
 C = Inter-level travel time spent in this place.
 D = Time resting spent in this place.
 E = Time spent auto-exploring this place.
 F = Levels seen in this place.
 G = Mean time per level.
                   A        B        C        D        E       F      G
               +--------+--------+--------+--------+--------+-----+--------+
         Total |   2341 |   2286 |     55 |    294 |   1771 |   2 | 1170.5 |
       Dungeon |   2341 |   2286 |     55 |    294 |   1771 |   2 | 1170.5 |
               +--------+--------+--------+--------+--------+-----+--------+

Top non-repeatable levels by time:
     D:1: 1347 daAuts
     D:2: 994 daAuts
